 Dungeon Crawl Stone Soup version 0.22-a0-614-g34fbaa0 (webtiles) character file.

118 Firecrotchwizard the Chopper (level 4, -1/35 HPs)
             Began as a Demonspawn Gladiator on July 19, 2018.
             Slain by a hobgoblin
             ... wielding a +0 club
             ... led by Robin
              (10 damage)
             ... on level 3 of the Dungeon.
             The game lasted 00:03:30 (1750 turns).

Firecrotchwizard the Chopper (Demonspawn Gladiator) Turns: 1750, Time: 00:03:30

Health: -1/35      AC:  6    Str: 16    XL:     4   Next: 72%
Magic:  13/13      EV: 12    Int: 14    God:
Gold:   88         SH:  4    Dex: 14    Spells: 3/3 levels left

rFire    . . .     SeeInvis .   a - +0 war axe
rCold    . . .     Gourm    .   (no shield)
rNeg     . . .     Faith    .   u - +0 ring mail
rPois    .         Spirit   .   (helmet restricted)
rElec    .         Reflect  .   t - +0 cloak
rCorr    .         Harm     .   (no gloves)
MR       .....                  (no boots)
Stlth    +.........             v - amulet of rage {+Rage, !d}
HPRegen  0.11/turn              s - ring of magical power {MP+9}
MPRegen  0.13/turn              (no ring)

@: brilliant, lethally poisoned (-1 -> -7), hasted, very quick
A: horns 1, large bone plates 1
a: Evoke Berserk Rage


You were on level 3 of the Dungeon.
You were not hungry.

You visited 1 branch of the dungeon, and saw 3 of its levels.

You collected 88 gold pieces.

Inventory:

Hand Weapons
 a - a +0 war axe (weapon)
Missiles
 d - 3 throwing nets {=f, !d}
Armour
 r - a +0 plate armour
   (You found it on level 2 of the Dungeon)
 t - a +0 cloak (worn)
   (You found it on level 2 of the Dungeon)
 u - a +0 ring mail (worn)
   (You found it on level 2 of the Dungeon)
Jewellery
 s - a ring of magical power (left hand) {MP+9}
   (You found it on level 2 of the Dungeon)
 v - an amulet of rage (around neck) {+Rage, !d}
   (You found it on level 2 of the Dungeon)
Scrolls
 e - a scroll of identify
 i - 4 scrolls of remove curse
 j - a scroll of enchant armour {unknown}
 k - 2 scrolls of noise {unknown}
 p - a scroll of magic mapping {unknown}
Potions
 b - a potion of agility {unknown}
 g - a potion of heal wounds {unknown}
 m - a potion of magic
 n - a potion of haste
 o - a potion of brilliance
 q - a potion of curing {unknown}
Comestibles
 c - 3 chunks of flesh {@w0}
 f - 4 rations {@e1}


   Skills:
 + Level 3.1 Fighting
 * Level 4.1 Axes
 - Level 2.1 Throwing
 - Level 2.9 Dodging


You had 3 spell levels left.
You didn't know any spells.
Your spell library was empty.

Dungeon Overview and Level Annotations

Branches:
Dungeon (3/15)

Altars:
Xom

Annotations:
D:3 Robin


Innate Abilities, Weirdness & Mutations

You have a pair of small horns on your head.
You are partially covered in large bone plates. (SH +4)


Message History

Your Axes skill increases to level 4!
You closely miss the jackal. You block the jackal's attack.
A goblin comes into view. It is wielding a club.
The jackal bites you.
Robin roars a battlecry!
The goblins go into a battle-frenzy!
You hear a bark!
You take 3 damage, and have 32/35 hp.
You closely miss the hobgoblin. You hit the goblin. You slash the jackal!
You kill the jackal!
A jackal comes into view.
A hobgoblin comes into view.
The goblin closely misses you. The hobgoblin misses you.
The jackal barely misses you.
You slash the goblin!
You kill the goblin!
You slash the hobgoblin!
You kill the hobgoblin!
You miss the jackal. The jackal closely misses you.
Robin throws the goblin at you! The goblin hits you but does no damage.
You block the jackal's attack.
You barely miss the goblin.
You kill the goblin!
Your ring mail prevents you from hitting the hobgoblin.
You hit the jackal but do no damage. You closely miss the goblin.
You block the goblin's attack.
A giant cockroach comes into view.
The jackal closely misses you. You block the hobgoblin's attack.
The goblin closely misses you.
The jackal bites you but does no damage.
Robin throws the goblin at you! The goblin closely misses you.
You slash the goblin!
You kill the goblin!
You barely miss the hobgoblin. You hit the jackal but do no damage.
You slash the goblin!
You kill the goblin!
The hobgoblin misses you.
The jackal bites you but does no damage.
An orc wizard comes into view. It is wielding a dagger.
The hobgoblin barely misses you.
You hit the jackal. x2; You hit the hobgoblin but do no damage.
The jackal bites you.
The jackal bites you but does no damage. x2
The jackal barely misses you.
A hobgoblin comes into view. It is wielding a club.
Robin roars a battlecry!
The hobgoblin goes into a battle-frenzy!
The giant cockroach waves its antennae.
The hobgoblin closely misses you.
You take 1 damage, and have 31/35 hp.
You slash the jackal!
You kill the jackal!
You barely miss the hobgoblin. You hit the hobgoblin. You hit the jackal.
You kill the jackal!
The hobgoblin hits you but does no damage. x2
The adder bites you but does no damage. The hobgoblin misses you.
You barely miss the hobgoblin. You slash the hobgoblin!
You kill the hobgoblin!
You hit the adder. You hit the hobgoblin.
The adder bites you but does no damage. The hobgoblin hits you with a club.
The hobgoblin hits you but does no damage.
You take 3 damage, and have 28/35 hp.
You hit the hobgoblin but do no damage.
You headbutt the hobgoblin, but do no damage.
You hit the hobgoblin. You closely miss the hobgoblin.
You closely miss the adder. The adder bites you.
You are poisoned.
The adder poisons you! The hobgoblin closely misses you.
The adder bites you but does no damage. The hobgoblin hits you with a club.
You block the hobgoblin's attack.
You take 6 damage, and have 22/35 hp.
You are too injured to fight recklessly!
You are too injured to fight recklessly!
You closely miss the adder. You headbutt the adder.
You barely miss the hobgoblin. You hit the hobgoblin.
You closely miss the hobgoblin.
You feel sick. The adder bites you.
You are more poisoned.
The adder poisons you! The hobgoblin hits you with a club.
The hobgoblin barely misses you. The adder closely misses you.
You block the hobgoblin's attack.
You take 3 damage, and have 19/35 hp.
It was a potion of brilliance.
You feel clever all of a sudden.
You feel sick. The hobgoblin hits you with a club.
The hobgoblin closely misses you. The adder barely misses you.
You take 3 damage, and have 16/35 hp.
It was a potion of magic.
Magic courses through your body. The hobgoblin misses you.
You block the adder's attack. The hobgoblin hits you.
* * * LOW HITPOINT WARNING * * *
The hobgoblin barely misses you.
The hobgoblin hits you but does no damage.
You take 6 damage, and have 10/35 hp.
It was a potion of haste.
You feel yourself speed up.
You feel sick.
The hobgoblin no longer looks unusually strong.
The adder closely misses you.
Robin roars a battlecry!
The hobgoblin goes into a battle-frenzy!
The hobgoblin misses you. x2
The hobgoblin hits you but does no damage.
The hobgoblin hits you with a club!
You die...

#....#####....#
#....#####....# ..+
........##....# ..#
........##....# ...#
.........+....#+###./#
........##...........#
........##......so...##
........##.....gSgg...#
##'#######.....g@gg...#
##.# #...##+####..'#
##.#######...# .
##......##...#
######.###.... # #.#
#.#### # #.# #.# #.# #.
#.#


You could see Robin, an orc wizard (mute), an adder, a giant cockroach and 5
hobgoblins.

Vanquished Creatures
  2 adders
  2 oozes (D:2)
  2 worms
  3 dart slugs
  3 leopard geckos
  4 giant cockroaches
  14 goblins
  11 hobgoblins
  9 jackals
  A quokka (D:2)
  3 bats
  2 frilled lizards (D:2)
  7 kobolds
  8 rats
71 creatures vanquished.

Notes
Turn   | Place    | Note
-------+----------+-------------------------------------------
     0 | D:1      | Firecrotchwizard the Demonspawn Gladiator began the quest for the Orb.
     0 | D:1      | Reached XP level 1. HP: 16/16 MP: 1/1
    66 | D:1      | Reached skill level 2 in Throwing
    66 | D:1      | Gained mutation: You are partially covered in large bone plates. (SH +4) [demonic ancestry]
    66 | D:1      | Reached XP level 2. HP: 8/22 MP: 2/2
   488 | D:1      | Reached skill level 3 in Axes
   537 | D:1      | Gained mutation: You have a pair of small horns on your head. [demonic ancestry]
   537 | D:1      | Reached XP level 3. HP: 26/28 MP: 3/3
   981 | D:2      | Reached XP level 4. HP: 31/34 MP: 4/4
  1101 | D:2      | Found a shimmering altar of Xom.
  1454 | D:2      | Reached skill level 3 in Fighting
  1737 | D:3      | Noticed Robin
  1738 | D:3      | Reached skill level 4 in Axes
  1750 | D:3      | Slain by a hobgoblin

Vault maps used:
D:1:      lightli_arrival_flooded_house
D:2:      nicolae_overflow_crystal_walls
D:3:      lemuel_round_altar, nicolae_ru_great_annihilating_truth, uniq_robin

Skill      XL: |  1  2  3  4 |
---------------+-------------+-----
Throwing       | 2 |  2.1
Axes           | 3 4 |  4.1
Fighting       | 3 |  3.1
Dodging        | |  2.9

Action                   |  1- 3 |  4- 6 || total
-------------------------+-------+-------++-------
Melee: War axe           |   107 |    64 ||   171
       Headbutt          |     5 |    14 ||    19
  Use: Scroll            |       |     3 ||     3
       Potion            |       |     3 ||     3
  Eat: Chunk             |       |     3 ||     3
Armor: Leather armour    |     4 |       ||     4
       Ring mail         |    31 |    25 ||    56
Dodge: Dodged            |    60 |    64 ||   124
Block: Other             |    16 |    20 ||    36

Table legend:
 A = Spawn XP
 B = Non-spawn XP
 C = Spawn XP percentage of total XP
 D = Spawn monster count
 E = Non-spawn monster count
 F = Spawn count percentage of total count
 G = Total turns spent on level
                    A         B        C        D         E        F      G
               +---------+---------+-------+---------+---------+-------+---------
         Total |       0 |     169 |   0.0 |       0 |      71 |   0.0 |  1750
               +---------+---------+-------+---------+---------+-------+---------
           D:1 |       0 |      55 |   0.0 |       0 |      29 |   0.0 |   865
           D:2 |       0 |      68 |   0.0 |       0 |      26 |   0.0 |   646
           D:3 |       0 |      46 |   0.0 |       0 |      16 |   0.0 |   239
               +---------+---------+-------+---------+---------+-------+---------

Vault maps used:
D:1:      lightli_arrival_flooded_house
D:2:      nicolae_overflow_crystal_walls
D:3:      lemuel_round_altar, nicolae_ru_great_annihilating_truth, uniq_robin

Table legend:
 A = Turns spent in this place as a percentage of turns spent in the entire game.
 B = Non-inter-level travel turns spent in this place as a percentage of non-inter-level travel turns spent in the entire game.
 C = Inter-level travel turns spent in this place as a percentage of turns spent in this place.
 D = Turns resting spent in this place as a percentage of non-inter-level travel turns spent in this place.
 E = Turns spent auto-exploring this place as a percentage of non-inter-level travel turns spent in this place.
 F = Non-inter-level travel turns spent in this place divided by the number of levels of this place that you've seen.
                   A       B       C       D       E      F
               +-------+-------+-------+-------+-------+----------------------
         Total | 100.0 | 100.0 |   2.1 |  27.1 |  50.6 | 571.0
       Dungeon | 100.0 | 100.0 |   2.1 |  27.1 |  50.6 | 571.0
               +-------+-------+-------+-------+-------+----------------------

Table legend:
 A = Kills in this place as a percentage of kills in entire the game.
 B = Kills by you in this place as a percentage of kills by you in the entire game.
 C = Kills by friends in this place as a percentage of kills by friends in the entire game.
 D = Other kills in this place as a percentage of other kills in the entire game.
 E = Experience gained in this place as a percentage of experience gained in the entire game.
 F = Experience gained in this place divided by the number of levels of this place that you have seen.
                   A       B       C       D       E      F
               +-------+-------+-------+-------+-------+----------------------
         Total | 100.0 | 100.0 |   N/A |   N/A | 100.0 |  56.3
       Dungeon | 100.0 | 100.0 |   N/A |   N/A | 100.0 |  56.3
               +-------+-------+-------+-------+-------+----------------------
